 Dungeon Crawl Stone Soup version 0.18.1-8-gdd0e5ea (webtiles) character file.

5972 Wooh the Basher (level 10, -6/105 HPs)
             Began as an Ogre Berserker on May 27, 2016.
             Was an Elder of Trog.
             Mangled by Liquid's ghost (19 damage)
             ... on level 12 of the Dungeon.
             The game lasted 00:26:46 (9501 turns).

Wooh the Basher (Ogre Berserker)                    Turns: 9501, Time: 00:26:47

Health: -6/105     AC:  6    Str: 24    XL:     10   Next: 84%
Magic:  10/10      EV: 15    Int:  6    God:    Trog [****..]
Gold:   426        SH:  0    Dex: 14    Spells: 0 memorised, 9 levels left

rFire  . . .     SeeInvis .     x - +0 giant spiked club
rCold  . . .     Gourm    .     b - +0 animal skin
rNeg   . . .     Faith    +     (shield currently unavailable)
rPois  +         Spirit   .     E - +2 hat
rElec  +         Dismiss  .     z - +0 cloak
rCorr  .         Reflect  .     (gloves unavailable)
SustAt .         Harm     .     (boots unavailable)
MR     ++++.                    r - amulet of faith
Stlth  +.........               (no ring)
                                w - ring of protection from magic

@: exhausted, about to teleport, regenerating, slowed, very slow, incredibly
resistant to hostile enchantments, very unstealthy
A: unfitting armour, agile 1, sense surroundings 1, poison resistance,
electricity resistance, tough skin 1
a: Berserk, Trog's Hand, Brothers in Arms, Burn Spellbooks, Renounce Religion


You were on level 12 of the Dungeon.
You worshipped Trog.
Trog was greatly pleased with you.
You were not hungry.

You visited 1 branch of the dungeon, and saw 10 of its levels.

You collected 426 gold pieces.

Inventory:

Hand Weapons
 x - a +0 giant spiked club (weapon)
 M - a +1 flail of venom
Missiles
 e - 4 throwing nets
 k - 8 javelins
 l - 8 large rocks (quivered)
Armour
 b - a +0 animal skin (worn)
 z - a +0 cloak (worn)
 E - a +2 hat (worn)
Rods
 j - a -2 rod of shadows (11/11)
   (You found it on level 2 of the Dungeon)
Jewellery
 r - an amulet of faith (around neck)
 w - a ring of protection from magic (left hand)
Wands
 s - a wand of disintegration (3/24)
 B - a wand of iceblast (4/15)
 C - a wand of lightning (4/15)
 G - a wand of acid (9/15)
 J - a wand of hasting (3/9)
Scrolls
 d - 3 scrolls of identify
 f - 4 scrolls of remove curse
 o - 2 scrolls of recharging
 t - 2 scrolls of fog
 u - a scroll of enchant armour {unknown}
 D - 2 scrolls of fear {unknown}
 H - 3 scrolls of blinking {unknown}
Potions
 g - 2 potions of flight
 m - a potion of cure mutation
 n - a potion of haste
 p - 3 potions of might
 q - 4 potions of invisibility
 v - 2 potions of brilliance
 F - 3 potions of curing {unknown}
 I - a potion of degeneration {unknown}
Books
 L - a book of the Earth

   Spells                             Type                      Level
   a - Leda's Liquefaction            Hexes/Earth                  4
   b - Bolt of Magma                  Conjuration/Fire/Earth       5
   c - Statue Form                    Transmutation/Earth          6
   d - Iron Shot                      Conjuration/Earth            6
   e - Shatter                        Earth                        9
   Trog disapproves of the use of such an item.
Comestibles
 c - 8 bread rations
 i - a beef jerky
 A - a slice of pizza


   Skills:
 - Level 8.3 Fighting
 - Level 14.3 Maces & Flails
 + Level 9.6 Dodging


You had 9 spell levels left.
You didn't know any spells.

Dungeon Overview and Level Annotations

Branches:
Dungeon (9/15)             Temple (0/1) D:5            Lair (0/8) D:9
    Orc: D:9-12

Altars:
Cheibriados
Dithmenos
Elyvilon
Gozag
Makhleb
Nemelex Xobeh
Sif Muna
Xom
The Shining One

Shops:
D:8 [   D:9 *

Annotations:
D:12 Liquid's ghost, adept FoAK


Innate Abilities, Weirdness & Mutations

You are too large for most types of armour.
You have tough skin (AC +1).
You are agile. (Dex +2)
You passively map a small area around you.
Your system is resistant to poisons.
You are resistant to electric shocks.


Message History

You kill the two-headed ogre!
Trog accepts your kill.
Liquid's ghost hits you but does no damage.
You hit Liquid's ghost but do no damage.
Liquid's ghost hits you. Liquid's ghost hits you!!
* * * LOW HITPOINT WARNING * * *
x2 You hear a shout!
The deep elf mage gestures wildly while chanting.
Liquid's ghost barely misses you.
You feel the effects of Trog's Hand fading.
A cyclops opens the door.
Read which item? (? for menu, Esc to quit)
As you read the scroll of teleportation, it crumbles to dust.
You feel strangely unstable. Liquid's ghost closely misses you.
The deep elf mage mumbles some strange words.
The deep elf mage blinks!
The cyclops throws a large rock.
The large rock hits you!
* * * LOW HITPOINT WARNING * * *
Liquid's ghost hits you!!
You die...

* ,,, * ,
..#....# ,
..#....# , ,
..#....# *
###., ....# ,
#..., ...# #..#
#..#
#..#####F.# ,
,#.@...e...#
,*. #..W3.....#
.O ##'#......#
... C.#.3....#
,
......#)####.#
.e....#.# #.# *
,
......#3####.#
,
*......'.)....#
,
......#......#


You could see a cyclops, a deep elf mage, a smoke demon, a neqoxec, a giant frog
and Liquid's ghost.

Vanquished Creatures
  A death yak (D:9)
  The ghost of Rationalist the Ducker, a novice MiBe of Trog (D:4)
  A kobold demonologist (D:12)
  Prince Ribbit (D:6)
  A two-headed ogre (D:12)
  A spriggan (D:7)
  Eustachio (D:5)
  A wyvern (D:9)
  2 hippogriffs
  A water moccasin (D:7)
  Duvessa (D:5)
  An orc warrior (D:7)
  3 ice beasts
  3 sky beasts
  3 ogres
  3 phantoms
  3 centaurs
  2 giant frogs
  3 elf zombies (D:5)
  An elf skeleton (D:5)
  Dowan (D:5)
  A scorpion (D:4)
  4 wights
  A howler monkey (D:5)
  A crimson imp (D:7)
  3 giant frog zombies
  A human zombie (D:5)
  4 hounds
  Crazy Yiuf (D:5)
  A giant frog skeleton (D:8)
  A jelly (D:7)
  5 orc wizards
  A centaur skeleton (D:4)
  3 orc priests (D:7)
  3 iguanas
  7 worker ants
  2 killer bee zombies
  A hound zombie (D:4)
  Robin (D:4)
  7 gnolls
  9 adders
  2 shadow imps
  An ooze (D:1)
  2 adder skeletons
  2 worms
  A dart slug (D:3)
  8 giant geckos
  32 orcs
  2 ball pythons (D:4)
  4 bats
  5 giant cockroaches
  9 goblins
  14 hobgoblins
  5 jackals
  2 quokkas (D:3)
  12 giant newts
  6 kobolds
  An orc skeleton (D:5)
  10 rats
210 creatures vanquished.

Vanquished Creatures (others)
  A quokka (D:4)
1 creature vanquished.

Grand Total: 211 creatures vanquished

Notes
Turn   | Place    | Note
--------------------------------------------------------------
     0 | D:1      | Wooh the Ogre Berserker began the quest for the Orb.
     0 | D:1      | Reached XP level 1. HP: 24/24 MP: 1/1
   249 | D:1      | Reached XP level 2. HP: 32/33 MP: 2/2
   509 | D:1      | Reached skill level 5 in Fighting
  1015 | D:2      | Reached XP level 3. HP: 34/42 MP: 3/3
  1029 | D:2      | Reached ** piety under Trog
  1812 | D:3      | Reached XP level 4. HP: 48/53 MP: 4/4
  1913 | D:3      | Found a shimmering altar of Xom.
  2059 | D:3      | Reached XP level 5. HP: 42/62 MP: 5/5
  2531 | D:3      | Found a burning altar of Makhleb.
  2540 | D:3      | Reached *** piety under Trog
  3092 | D:4      | Noticed Robin
  3123 | D:4      | Killed Robin
  3123 | D:4      | Reached XP level 6. HP: 45/74 MP: 6/6
  3142 | D:4      | Noticed Rationalist's ghost (novice MiBe)
  3168 | D:4      | Killed Rationalist's ghost
  3168 | D:4      | Reached skill level 8 in Maces & Flails
  3168 | D:4      | Reached XP level 7. HP: 27/81 MP: 7/7
  3305 | D:4      | Found a white marble altar of Elyvilon.
  3327 | D:4      | Reached skill level 9 in Maces & Flails
  3615 | D:4      | Identified a -2 rod of shadows (11/11) (You found it on level 2 of the Dungeon)
  3630 | D:4      | Reached XP level 8. HP: 81/89 MP: 8/8
  3757 | D:4      | Reached skill level 10 in Maces & Flails
  4408 | D:4      | Found a shadowy altar of Dithmenos.
  4601 | D:5      | Entered Level 5 of the Dungeon
  4608 | D:5      | Reached skill level 11 in Maces & Flails
  4668 | D:5      | Noticed Crazy Yiuf
  4676 | D:5      | Killed Crazy Yiuf
  4739 | D:5      | Reached **** piety under Trog
  4946 | D:5      | Found a sparkling altar of Nemelex Xobeh.
  4997 | D:5      | Noticed Eustachio
  5045 | D:5      | Killed Eustachio
  5045 | D:5      | Reached skill level 12 in Maces & Flails
  5293 | D:5      | Found a staircase to the Ecumenical Temple.
  5415 | D:5      | Noticed Duvessa
  5415 | D:5      | Noticed Dowan
  5431 | D:5      | Killed Duvessa
  5431 | D:5      | Reached XP level 9. HP: 70/97 MP: 9/9
  5435 | D:5      | Killed Dowan
  5435 | D:5      | Reached skill level 13 in Maces & Flails
  6398 | D:6      | Reached skill level 14 in Maces & Flails
  6873 | D:6      | Found a deep blue altar of Sif Muna.
  6875 | D:6      | Found an opulent altar of Gozag.
  6879 | D:6      | Found a snail-covered altar of Cheibriados.
  6879 | D:6      | Noticed Prince Ribbit
  6894 | D:6      | Killed Prince Ribbit
  7231 | D:6      | Gained mutation: You passively map a small area around you. [mutagenic meat]
  7436 | D:6      | Gained mutation: You are clumsy. (Dex -2) [potion of mutation]
  7436 | D:6      | Lost mutation: You are clumsy. (Dex -2) [potion of mutation]
  7436 | D:6      | Gained mutation: Your system is resistant to poisons. [potion of mutation]
  7594 | D:7      | Reached skill level 5 in Dodging
  7797 | D:7      | Reached XP level 10. HP: 47/105 MP: 10/10
  7801 | D:7      | Gained mutation: You are clumsy. (Dex -2) [mutagenic meat]
  7802 | D:7      | Lost mutation: You are clumsy. (Dex -2) [mutagenic meat]
  7803 | D:7      | Gained mutation: You are agile. (Dex +2) [mutagenic meat]
  7804 | D:7      | Gained mutation: You are resistant to electric shocks. [mutagenic meat]
  8733 | D:8      | Found Kosoilil's Armour Shop.
  8819 | D:8      | Reached ***** piety under Trog
  8937 | D:8      | Found a glowing golden altar of the Shining One.
  9073 | D:9      | Found Liashre's General Store.
  9125 | D:9      | Found a staircase to the Lair.
  9125 | D:9      | Noticed a death yak
  9161 | D:9      | Killed a death yak
  9462 | D:9      | You fall through a shaft for 3 floors!
  9469 | D:12     | Noticed a kobold demonologist
  9480 | D:12     | Killed a kobold demonologist
  9488 | D:12     | Noticed a deep elf mage
  9488 | D:12     | Noticed Liquid's ghost (adept FoAK)
  9497 | D:12     | Noticed a smoke demon
  9501 | D:12     | Noticed a cyclops
  9501 | D:12     | Mangled by Liquid's ghost

Skill      XL: |  1  2  3  4  5  6  7  8  9 10 |
---------------+-------------------------------+-----
Fighting       | 5 6 7 8 |  8.3
Maces & Flails | 8 9 12 14 | 14.3
Dodging        | 5 9 |  9.6

Action                   |  1- 3 |  4- 6 |  7- 9 | 10-12 || total
-------------------------+-------+-------+-------+-------++-------
Melee: Mace              |   127 |   144 |    36 |       ||   307
       Giant spiked club |       |       |   276 |   141 ||   417
       Flail             |       |       |       |    19 ||    19
Throw: Javelin           |       |       |     8 |       ||     8
       Large rock        |       |       |     1 |       ||     1
       Throwing net      |       |       |     1 |       ||     1
Invok: Berserk           |       |     3 |     9 |     3 ||    15
       Trog's Hand       |       |     2 |     5 |     3 ||    10
Evoke: Wand              |       |       |       |     1 ||     1
  Use: Scroll            |       |       |    11 |     2 ||    13
       Potion            |       |       |     1 |       ||     1
 Stab: Distracted        |       |       |       |     1 ||     1
  Eat: Chunk             |     3 |     7 |    20 |    12 ||    42
       Meat ration       |       |       |     1 |       ||     1
       Beef jerky        |       |       |     1 |       ||     1
       Royal jelly       |       |       |       |     1 ||     1
Armor: Animal skin       |    45 |    32 |    85 |    27 ||   189
Dodge: Dodged            |    93 |    79 |   191 |    93 ||   456
